| TOP OF THE 1ST |
|
Los Angeles (NYP) Dodgers batting - Pitching for West Virginia Black Bears : RHP Matt Wax
|
|
Pitching: RHP Matt Wax
|
|
|
Batting: SHB Erick Hamburger
|
0-0: Swinging Strike 0-1: Swinging Strike 0-2: Ball 1-2: Ball 2-2: DOUBLE (Groundball, 5L, EV 94.4 MPH)
|
|
Batting: RHB Chris Graham
|
0-0: Foul Ball, location: 2F 0-1: Ball 1-1: Ball 2-1: SINGLE (Groundball, 56D, EV 98.1 MPH) Erick Hamburger to third Runner from 3rd tries for Home, throw by LF and OUT! 7-2 Chris Graham to second
|
|
Batting: LHB Randy Stapleton
|
0-0: Swinging Strike 0-1: SINGLE (Groundball, 4, EV 96.9 MPH) Chris Graham to third Runner from 3rd tries for Home, SAFE, throw by CF to home
|
|
Batting: RHB Zach Slot
|
0-0: Ball 1-0: Ball 2-0: Called Strike 2-1: Ball 3-1: Base on Balls Randy Stapleton to second
|
|
Batting: SHB Marcos Cortez
|
0-0: Ball 1-0: Ball 2-0: Called Strike 2-1: Called Strike 2-2: Ball 3-2: Foul Ball, location: 2F 3-2: Strikes out swinging
|
|
Batting: RHB Gaylord Wray
|
0-0: Fly out, F7 (Flyball, 7D, EV 96.2 MPH)
|
| Top of the 1st over - 1 run, 3 hits, 0 errors, 2 left on base; Los Angeles (NYP) 1 - West Virginia 0 |
| BOTTOM OF THE 1ST |
|
West Virginia Black Bears batting - Pitching for Los Angeles (NYP) Dodgers : LHP Cao-Ky Trieu
|
|
Pitching: LHP Cao-Ky Trieu
|
|
|
Batting: SHB Don Hauk
|
0-0: Ball 1-0: Called Strike 1-1: Ball 2-1: Fly out, F8 (Flyball, 8LD, EV 89.4 MPH)
|
|
Batting: RHB Joe Bower
|
0-0: Called Strike 0-1: Ball 1-1: Fly out, F8 (Flyball, 89M, EV 68.1 MPH)
|
|
Batting: RHB Mike Weeks
|
0-0: Ball 1-0: Foul Ball, location: 2F 1-1: Foul Ball, location: 2F 1-2: Ball 2-2: Ball 3-2: Base on Balls
|
|
Batting: SHB Rob Haney
|
0-0: Called Strike 0-1: Ball 1-1: Ball 2-1: Fly out, F8 (Flyball, 8RM, EV 91.9 MPH)
|
| Bottom of the 1st over - 0 runs, 0 hits, 0 errors, 1 left on base; Los Angeles (NYP) 1 - West Virginia 0 |
| TOP OF THE 2ND |
|
Los Angeles (NYP) Dodgers batting - Pitching for West Virginia Black Bears : RHP Matt Wax
|
|
Batting: RHB John Clark
|
0-0: SINGLE (Groundball, 56S, EV 72.5 MPH) (infield hit)
|
|
Batting: SHB Dave Reynoso
|
0-0: Called Strike John Clark steals 2nd base 0-1: Ball 1-1: Swinging Strike 1-2: Foul Ball, location: 2F 1-2: Fly out, F7 (Line Drive, 7D, EV 89.4 MPH) Runner from 2nd tags up, SAFE at 3rd with throw by LF
|
|
Batting: RHB Cory Bonham
|
0-0: Ball 1-0: Ball 2-0: Foul Ball, location: 2F 2-1: SINGLE (Line Drive, 6MD, EV 109.4 MPH) John Clark scores
|
|
Batting: SHB Erick Hamburger
|
0-0: Called Strike Cory Bonham steals 2nd base 0-1: Called Strike 0-2: Strikes out swinging
|
|
Batting: RHB Chris Graham
|
0-0: Ball 1-0: Ball 2-0: Ground out 6-3 (Groundball, 56, EV 102.5 MPH)
|
| Top of the 2nd over - 1 run, 2 hits, 0 errors, 1 left on base; Los Angeles (NYP) 2 - West Virginia 0 |
| BOTTOM OF THE 2ND |
|
West Virginia Black Bears batting - Pitching for Los Angeles (NYP) Dodgers : LHP Cao-Ky Trieu
|
|
Batting: RHB Sam Voss
|
0-0: Ball 1-0: Fly out, F5 (Line Drive, 56, EV 76.9 MPH)
|
|
Batting: RHB Erik Mulligan
|
0-0: Swinging Strike 0-1: Foul Ball, location: 2F 0-2: Ball 1-2: Ground out 6-3 (Groundball, 6, EV 86.2 MPH)
|
|
Batting: LHB William Matthews
|
0-0: Ball 1-0: Ground out 5-3 (Groundball, 5, EV 85.0 MPH)
|
| Bottom of the 2nd over - 0 runs, 0 hits, 0 errors, 0 left on base; Los Angeles (NYP) 2 - West Virginia 0 |
| TOP OF THE 3RD |
|
Los Angeles (NYP) Dodgers batting - Pitching for West Virginia Black Bears : RHP Matt Wax
|
|
Batting: LHB Randy Stapleton
|
0-0: Called Strike 0-1: Swinging Strike 0-2: SOLO HOME RUN (Flyball, 9D, EV 98.8 MPH), Distance : 386 ft
|
|
Batting: RHB Zach Slot
|
0-0: Hit by Pitch, AND HE CHARGES THE MOUND! The benches clear!
|
|
Pitching: RHP Randy Nelligan
|
|
|
Pinch Runner at 1st Ramon Padilla:
|
|
|
Batting: SHB Marcos Cortez
|
0-0: Swinging Strike 0-1: Swinging Strike 0-2: Strikes out swinging
|
|
Batting: RHB Gaylord Wray
|
0-0: Ball 1-0: Called Strike 1-1: SINGLE (Groundball, 6MD, EV 108.8 MPH) Ramon Padilla to second Runner from 2nd tries for 3rd, SAFE, throw by CF made to third
|
|
Batting: RHB John Clark
|
0-0: Ball 1-0: SINGLE (Groundball, 34D, EV 94.4 MPH) Ramon Padilla scores Gaylord Wray to second Runner from 2nd tries for 3rd, SAFE, throw by RF made to third
|
|
Batting: SHB Dave Reynoso
|
0-0: Ball 1-0: Ball John Clark steals 2nd base 2-0: Called Strike 2-1: Ground out 5-3 (Groundball, 56, EV 104.4 MPH) Gaylord Wray scores
|
|
Batting: RHB Cory Bonham
|
0-0: Called Strike 0-1: Ball 1-1: Fly out, F2 (Popup, 2R, EV 88.8 MPH)
|
| Top of the 3rd over - 3 runs, 3 hits, 0 errors, 1 left on base; Los Angeles (NYP) 5 - West Virginia 0 |
| BOTTOM OF THE 3RD |
|
West Virginia Black Bears batting - Pitching for Los Angeles (NYP) Dodgers : LHP Cao-Ky Trieu
|
|
Batting: LHB Jim Weidman
|
0-0: Ground out U3 (Groundball, 3S, EV 82.5 MPH)
|
|
Batting: RHB Francisco Santos
|
0-0: Ball 1-0: Called Strike 1-1: Swinging Strike 1-2: Foul Ball, location: 2F 1-2: Single, Error in OF, E8, batter to second base (Line Drive, 4MD, EV 98.1 MPH)
|
|
Batting: SHB Don Hauk
|
0-0: Ball 1-0: Called Strike 1-1: Ball 2-1: Swinging Strike 2-2: Ball 3-2: Foul Ball, location: 2F 3-2: Strikes out swinging
|
|
Batting: RHB Joe Bower
|
0-0: Called Strike 0-1: Ball 1-1: Ball 2-1: Ball Wild Pitch! Francisco Santos to third 3-1: Fly out, F8 (Flyball, 89D, EV 80.0 MPH)
|
| Bottom of the 3rd over - 0 runs, 1 hit, 1 error, 1 left on base; Los Angeles (NYP) 5 - West Virginia 0 |
| TOP OF THE 4TH |
|
Los Angeles (NYP) Dodgers batting - Pitching for West Virginia Black Bears : RHP Randy Nelligan
|
|
Batting: SHB Erick Hamburger
|
0-0: Called Strike 0-1: Ball 1-1: Called Strike 1-2: Foul Ball, location: 2F 1-2: Strikes out swinging
|
|
Batting: RHB Chris Graham
|
0-0: Ground out 1-3 (Groundball, P, EV 65.6 MPH)
|
|
Batting: LHB Randy Stapleton
|
0-0: Ball 1-0: Ball 2-0: Fly out, F7 (Flyball, 7D, EV 101.9 MPH)
|
| Top of the 4th over - 0 runs, 0 hits, 0 errors, 0 left on base; Los Angeles (NYP) 5 - West Virginia 0 |
| BOTTOM OF THE 4TH |
|
West Virginia Black Bears batting - Pitching for Los Angeles (NYP) Dodgers : LHP Cao-Ky Trieu
|
|
Batting: RHB Mike Weeks
|
0-0: Called Strike 0-1: Ball 1-1: Ball 2-1: Foul Ball, location: 2F 2-2: Ball 3-2: Strikes out swinging
|
|
Batting: SHB Rob Haney
|
0-0: Ball 1-0: Called Strike 1-1: Ball 2-1: Foul Ball, location: 2F 2-2: Strikes out swinging
|
|
Batting: RHB Sam Voss
|
0-0: Ball 1-0: Ground out 4-3 (Groundball, 4MD, EV 90.0 MPH)
|
| Bottom of the 4th over - 0 runs, 0 hits, 0 errors, 0 left on base; Los Angeles (NYP) 5 - West Virginia 0 |
| TOP OF THE 5TH |
|
Los Angeles (NYP) Dodgers batting - Pitching for West Virginia Black Bears : RHP Randy Nelligan
|
|
Batting: LHB Ramon Padilla
|
0-0: Ball 1-0: SOLO HOME RUN (Flyball, 7D, EV 110.0 MPH), Distance : 402 ft
|
|
Batting: SHB Marcos Cortez
|
0-0: Ball 1-0: Ball 2-0: Ball 3-0: Base on Balls
|
|
Pitching: RHP Sung-jae Choo
|
|
|
Batting: RHB Gaylord Wray
|
0-0: Ball 1-0: Fly out, F3 (Popup, 4S, EV 83.1 MPH)
|
|
Batting: RHB John Clark
|
0-0: Ball 1-0: Ball 2-0: Called Strike 2-1: Grounds into double play, 4-6-3 (Groundball, 4M, EV 88.1 MPH)
|
| Top of the 5th over - 1 run, 1 hit, 0 errors, 0 left on base; Los Angeles (NYP) 6 - West Virginia 0 |
| BOTTOM OF THE 5TH |
|
West Virginia Black Bears batting - Pitching for Los Angeles (NYP) Dodgers : LHP Cao-Ky Trieu
|
|
Batting: RHB Erik Mulligan
|
0-0: Ball 1-0: Ball 2-0: Foul Ball, location: 2F 2-1: Foul Ball, location: 2F 2-2: Ball 3-2: Foul Ball, location: 2F 3-2: SINGLE (Groundball, 6D, EV 97.5 MPH)
|
|
Batting: LHB William Matthews
|
0-0: Called Strike 0-1: Called Strike 0-2: Hit by Pitch Erik Mulligan to second
|
|
Batting: LHB Jim Weidman
|
0-0: Called Strike 0-1: Ball 1-1: Swinging Strike 1-2: Fly out, F8 (Flyball, 8RM, EV 92.5 MPH)
|
|
Batting: RHB Francisco Santos
|
0-0: SINGLE (Groundball, 5D, EV 103.1 MPH) Erik Mulligan to third William Matthews to second
|
|
Batting: SHB Don Hauk
|
0-0: Ball 1-0: Called Strike 1-1: Ball 2-1: Ball 3-1: Base on Balls Erik Mulligan scores William Matthews to third Francisco Santos to second
|
|
Batting: RHB Joe Bower
|
0-0: Ball 1-0: Foul Ball, location: 2F 1-1: Ball 2-1: Ball 3-1: Fly out, F9 (Flyball, 89D, EV 88.8 MPH)
|
|
Batting: RHB Mike Weeks
|
0-0: Ball 1-0: Called Strike 1-1: Swinging Strike 1-2: Foul Ball, location: 2F 1-2: Ball 2-2: Foul Ball, location: 2F 2-2: Foul Ball, location: 2F 2-2: Foul Ball, location: 2F 2-2: Foul Ball, location: 2F 2-2: Ball 3-2: Base on Balls William Matthews scores Francisco Santos to third Don Hauk to second
|
|
Pitching: LHP Conor Bailey
|
|
|
Batting: SHB Rob Haney
|
0-0: Ball 1-0: Ball 2-0: Ball 3-0: Called Strike 3-1: Foul Ball, location: 2F 3-2: Foul Ball, location: 2F 3-2: Strikes out looking
|
| Bottom of the 5th over - 2 runs, 2 hits, 0 errors, 3 left on base; Los Angeles (NYP) 6 - West Virginia 2 |
| TOP OF THE 6TH |
|
Los Angeles (NYP) Dodgers batting - Pitching for West Virginia Black Bears : RHP Sung-jae Choo
|
|
Batting: SHB Dave Reynoso
|
0-0: Called Strike 0-1: Ball 1-1: Ball 2-1: Ball 3-1: Fly out, F4 (Popup, 4S, EV 70.0 MPH)
|
|
Batting: RHB Cory Bonham
|
0-0: Hit by Pitch
|
|
Batting: SHB Erick Hamburger
|
0-0: Called Strike Cory Bonham is caught stealing 2nd base 2-6 0-1: Fly out, F6 (Popup, 6M, EV 60.0 MPH)
|
| Top of the 6th over - 0 runs, 0 hits, 0 errors, 0 left on base; Los Angeles (NYP) 6 - West Virginia 2 |
| BOTTOM OF THE 6TH |
|
West Virginia Black Bears batting - Pitching for Los Angeles (NYP) Dodgers : LHP Conor Bailey
|
|
Batting: RHB Sam Voss
|
0-0: Ball 1-0: Ball 2-0: Called Strike 2-1: Fly out, F7 (Flyball, 7D, EV 84.4 MPH)
|
|
Batting: RHB Erik Mulligan
|
0-0: Called Strike 0-1: Ball 1-1: Ball 2-1: Ball 3-1: Base on Balls
|
|
Batting: LHB William Matthews
|
0-0: Called Strike 0-1: Ball 1-1: Swinging Strike 1-2: Foul Ball, location: 2F 1-2: Ball 2-2: Foul Ball, location: 2F 2-2: Fielders Choice at 2nd, 4-6 (Groundball, 4, EV 86.2 MPH)
|
|
Batting: LHB Jim Weidman
|
0-0: Swinging Strike 0-1: Called Strike 0-2: Strikes out looking
|
| Bottom of the 6th over - 0 runs, 0 hits, 0 errors, 1 left on base; Los Angeles (NYP) 6 - West Virginia 2 |
| TOP OF THE 7TH |
|
Los Angeles (NYP) Dodgers batting - Pitching for West Virginia Black Bears : RHP Sung-jae Choo
|
|
Batting: RHB Chris Graham
|
0-0: Called Strike 0-1: Ball 1-1: Ball 2-1: Ball 3-1: Called Strike 3-2: Foul Ball, location: 2F 3-2: Strikes out swinging
|
|
Batting: LHB Randy Stapleton
|
0-0: Called Strike 0-1: Ground out 6-3 (Groundball, 6, EV 102.5 MPH)
|
|
Batting: LHB Ramon Padilla
|
0-0: Called Strike 0-1: Foul Ball, location: 2F 0-2: Ball 1-2: Ball 2-2: Foul Ball, location: 2F 2-2: Foul Ball, location: 2F 2-2: Strikes out swinging
|
| Top of the 7th over - 0 runs, 0 hits, 0 errors, 0 left on base; Los Angeles (NYP) 6 - West Virginia 2 |
| BOTTOM OF THE 7TH |
|
West Virginia Black Bears batting - Pitching for Los Angeles (NYP) Dodgers : LHP Conor Bailey
|
|
Now at 2B: Erick Hamburger
|
|
|
Now in CF: Yok-sing Zhào
|
|
|
Batting: RHB Francisco Santos
|
0-0: Ball 1-0: Ball 2-0: Called Strike 2-1: Foul Ball, location: 2F 2-2: Strikes out swinging
|
|
Batting: SHB Don Hauk
|
0-0: Called Strike 0-1: Ball 1-1: Ball 2-1: Ball 3-1: Base on Balls
|
|
Batting: RHB Joe Bower
|
0-0: Ball 1-0: Fly out, F8 (Flyball, 8LXD, EV 105.6 MPH) Runner from 1st tags up, OUT at 2nd! 8-4
|
| Bottom of the 7th over - 0 runs, 0 hits, 0 errors, 0 left on base; Los Angeles (NYP) 6 - West Virginia 2 |
| TOP OF THE 8TH |
|
Los Angeles (NYP) Dodgers batting - Pitching for West Virginia Black Bears : RHP Sung-jae Choo
|
|
Pitching: RHP Serguei Rudakovsky
|
|
|
Batting: SHB Marcos Cortez
|
0-0: Ball 1-0: Ground out 6-3 (Groundball, 6, EV 80.0 MPH)
|
|
Batting: RHB Gaylord Wray
|
0-0: SINGLE (Line Drive, 5D, EV 98.8 MPH)
|
|
Batting: RHB John Clark
|
0-0: Ball 1-0: Called Strike 1-1: Called Strike 1-2: Ball Gaylord Wray is caught stealing 2nd base 2-4 2-2: Foul Ball, location: 2F 2-2: Ball 3-2: Base on Balls
|
|
Batting: SHB Dave Reynoso
|
0-0: Ball John Clark steals 2nd base 1-0: Ground out 5-3 (Groundball, 56, EV 84.4 MPH)
|
| Top of the 8th over - 0 runs, 1 hit, 0 errors, 1 left on base; Los Angeles (NYP) 6 - West Virginia 2 |
| BOTTOM OF THE 8TH |
|
West Virginia Black Bears batting - Pitching for Los Angeles (NYP) Dodgers : LHP Conor Bailey
|
|
Now in RF: Carlos Santoni
|
|
|
Batting: RHB Mike Weeks
|
0-0: Ball 1-0: Ball 2-0: Called Strike 2-1: Foul Ball, location: 2F 2-2: Fly out, F8 (Flyball, 8LS, EV 91.2 MPH)
|
|
Batting: SHB Rob Haney
|
0-0: Ball 1-0: Ball 2-0: Called Strike 2-1: Ball 3-1: Foul Ball, location: 2F 3-2: Strikes out looking
|
|
Batting: RHB Sam Voss
|
0-0: Reached on error, E4 (Groundball, 4, EV 93.8 MPH)
|
|
Pitching: RHP Bobby Altamirano
|
|
|
Batting: RHB Erik Mulligan
|
0-0: Ball Passed Ball! Sam Voss to second 1-0: Foul Ball, location: 2F 1-1: Foul Ball, location: 2F 1-2: Strikes out swinging
|
| Bottom of the 8th over - 0 runs, 0 hits, 1 error, 1 left on base; Los Angeles (NYP) 6 - West Virginia 2 |
| TOP OF THE 9TH |
|
Los Angeles (NYP) Dodgers batting - Pitching for West Virginia Black Bears : RHP Serguei Rudakovsky
|
|
Batting: RHB Cory Bonham
|
0-0: Called Strike 0-1: Ground out 5-3 (Groundball, 56S, EV 84.4 MPH)
|
|
Batting: SHB Erick Hamburger
|
0-0: Ball 1-0: Ball 2-0: Ball 3-0: Base on Balls
|
|
Batting: RHB Yok-sing Zhào
|
0-0: Called Strike 0-1: Ball Erick Hamburger steals 2nd base 1-1: Called Strike 1-2: Strikes out swinging
|
|
Pitching: RHP Onne Stubbe
|
|
|
Batting: LHB Randy Stapleton
|
0-0: Called Strike 0-1: Ball 1-1: Ball 2-1: Ground out 4-3 (Groundball, 4, EV 98.8 MPH)
|
| Top of the 9th over - 0 runs, 0 hits, 0 errors, 1 left on base; Los Angeles (NYP) 6 - West Virginia 2 |
| BOTTOM OF THE 9TH |
|
West Virginia Black Bears batting - Pitching for Los Angeles (NYP) Dodgers : RHP Bobby Altamirano
|
|
Batting: LHB William Matthews
|
0-0: Ball 1-0: Foul Ball, location: 2F 1-1: Ball 2-1: Ball 3-1: Base on Balls
|
|
Batting: LHB Jim Weidman
|
0-0: Ball 1-0: Fielders Choice at 2nd, 1-6 (Groundball, 34S, EV 63.8 MPH)
|
|
Batting: SHB Yutaro Takahashi
|
0-0: Called Strike 0-1: Ball 1-1: Ball 2-1: Swinging Strike 2-2: Strikes out looking
|
|
Batting: SHB Don Hauk
|
0-0: SINGLE (Groundball, 3S, EV 67.5 MPH) (infield hit) Jim Weidman to second
|
|
Batting: RHB Joe Bower
|
0-0: Ball 1-0: Ground out 2-3 (Groundball, 2R, EV 66.9 MPH)
|
| Bottom of the 9th over - 0 runs, 1 hit, 0 errors, 2 left on base; Los Angeles (NYP) 6 - West Virginia 2 |
|